 Dungeon Crawl Stone Soup version 0.18-a0-1-gfac8111 (webtiles) character file.

250 xeno23 the Chiller (level 6, 0/46 HPs)
             Began as a Merfolk Ice Elementalist on Oct 31, 2015.
             Shot with an arrow by a centaur (11 damage)
             ... on level 4 of the Dungeon.
             The game lasted 00:17:36 (2958 turns).

xeno23 the Chiller (Merfolk Ice Elementalist)       Turns: 2958, Time: 00:17:36

Health: 0/46       AC:  3    Str:  9    XL:     6   Next: 13%
Magic:  0/10       EV: 12    Int: 16    God:
Gold:   135        SH:  5    Dex: 14    Spells: 3 memorised, 2 levels left

rFire  . . .     SeeInvis .     h - +0 dagger
rCold  + + .     Clarity  .     a - +0 robe
rNeg   . . .     SustAt   .     A - +2 buckler
rPois  .         Gourm    .     (no helmet)
rElec  .         Spirit   +     (no cloak)
rCorr  .         Warding  .     (no gloves)
rMut   .         Stasis   .     B - +0 pair of boots
MR     .....                    e - amulet of guardian spirit
Stlth  ++........               y - ring of protection from cold
                                z - ring of protection from cold

@: lethally poisoned (0 -> -2), not resistant to hostile enchantments,
unstealthy
A: change form in water, swift swim
a: no special abilities


You were on level 4 of the Dungeon.
You were not hungry.

You visited 1 branch of the dungeon, and saw 4 of its levels.

You collected 135 gold pieces.

Inventory:

Hand Weapons
 h - a +0 dagger (weapon)
Missiles
 i - 57 sling bullets
 r - 4 curare-tipped needles
 v - 8 javelins (quivered)
 w - 16 poisoned needles
Armour
 a - a +0 robe (worn)
 A - a +2 buckler (worn)
 B - a +0 pair of boots (worn)
Jewellery
 e - an amulet of guardian spirit (around neck)
 y - a ring of protection from cold (right hand)
 z - a ring of protection from cold (left hand)
Wands
 s - a wand of slowing (26)
Scrolls
 k - a scroll of teleportation {unknown}
 l - 2 scrolls of random uselessness {unknown}
 n - 2 scrolls of recharging {unknown}
 o - a scroll of remove curse {unknown}
 q - a scroll of amnesia {unknown}
 x - a scroll of identify {unknown}
Potions
 d - a potion of cure mutation {unknown}
 j - 2 potions of flight {unknown}
 m - 2 potions of ambrosia {unknown}
 p - 2 potions of haste {unknown}
 t - 3 potions of degeneration {unknown}
 u - 2 potions of poison {unknown}
Books
 b - a book of Frost

   Spells                             Type                      Level
   a - Freeze                         Ice                          1
   b - Throw Frost                    Conjuration/Ice              2
   c - Ozocubu's Armour               Charms/Ice                   3
   d - Throw Icicle                   Conjuration/Ice              4
   e - Summon Ice Beast               Ice/Summoning                4
   f - Condensation Shield            Ice                          4
Comestibles
 c - 7 bread rations
 f - 3 meat rations
 g - 2 chunks of flesh


   Skills:
 + Level 2.9 Fighting
 - Level 2.6 Dodging
 - Level 2.1 Stealth
 + Level 2.9 Spellcasting
   Level 0.7 Conjurations
 + Level 1.0 Charms
 * Level 2.3 Summonings
 + Level 5.0 Ice Magic


You had 2 spell levels left.
You knew the following spells:

 Your Spells              Type           Power        Failure   Level  Hunger
a - Freeze                Ice            ###.         4%          1    #......
b - Ozocubu's Armour      Chrm/Ice       ##......     30%         3    ###....
c - Summon Ice Beast      Ice/Summ       ##......     80%         4    #####..


Dungeon Overview and Level Annotations

Branches:
Dungeon (4/15)             Temple (0/1) D:4

Altars:
Cheibriados
Elyvilon
Qazlal
The Shining One


Message History

The centaur closely misses you.
Some of the chunks of flesh in your inventory have rotted away.
The worker ant bites you. The centaur barely misses you.
You see here an arrow.
You take 2 damage.
The adder bites you but does no damage. The worker ant closely misses you.
You block the adder's attack.
A worker ant and an ogre come into view.
The worker ant moves out of view.
The centaur wields an uncursed shortbow.
The centaur shoots an arrow.
The arrow barely misses you. The ogre barely misses you.
Found 10 gold pieces.
The adder bites you.
* * * LOW HITPOINT WARNING * * *
You are poisoned.
The adder poisons you!
You take 2 damage.
You feel sick.
The centaur shoots an arrow.
The arrow hits you!
You die...

#.....#.........>
#.###.#..........
.#......a(........
........#.#........
.......#.#.#.......
......#a#.#.#c#....
.......#.OS#..# ###
..##'.#.#.#.#.# ..
#...#.#@#..#
...(..#.#...#
......... ...#
......... ...#
........ ...#
.$..... ...#
####### ####


You could see an ogre, a centaur and a worker ant (wandering).

Vanquished Creatures
  The ghost of asdu the Ducker, a weakling SpBe of Trog (D:4)
  Terence (D:3)
  2 worker ants
  2 adders (D:3)
  4 gnolls (D:2)
  An ooze (D:3)
  3 worms
  8 orcs
  2 ball pythons
  9 bats
  5 giant cockroaches
  11 goblins
  6 hobgoblins
  4 jackals (D:4)
  3 kobolds
  9 rats
71 creatures vanquished.

Vanquished Creatures (others)
  A giant newt (D:3)
  A rat (D:3)
2 creatures vanquished.

Grand Total: 73 creatures vanquished

Notes
Turn   | Place    | Note
--------------------------------------------------------------
     0 | D:1      | xeno23 the Merfolk Ice Elementalist began the quest for the Orb.
     0 | D:1      | Reached XP level 1. HP: 13/13 MP: 3/3
   384 | D:1      | Reached XP level 2. HP: 15/20 MP: 5/5
   454 | D:1      | Reached skill level 1 in Fighting
  1096 | D:2      | Reached skill level 4 in Ice Magic
  1096 | D:2      | Reached XP level 3. HP: 19/27 MP: 1/6
  1208 | D:2      | Reached XP level 4. HP: 18/33 MP: 0/7
  1730 | D:2      | Found a snail-covered altar of Cheibriados.
  1932 | D:2      | Learned a level 4 spell: Summon Ice Beast
  2032 | D:3      | Found a glowing golden altar of the Shining One.
  2140 | D:3      | Found a white marble altar of Elyvilon.
  2263 | D:3      | Reached skill level 1 in Summonings
  2326 | D:3      | Reached XP level 5. HP: 32/39 MP: 3/9
  2437 | D:3      | Found a stormy altar of Qazlal.
  2491 | D:3      | Learned a level 3 spell: Ozocubu's Armour
  2604 | D:3      | Noticed Terence
  2614 | D:3      | Killed Terence
  2905 | D:4      | Noticed asdu's ghost (weakling SpBe)
  2917 | D:4      | Killed asdu's ghost
  2917 | D:4      | Reached skill level 1 in Charms
  2917 | D:4      | Reached skill level 5 in Ice Magic
  2917 | D:4      | Reached XP level 6. HP: 32/46 MP: 1/10
  2943 | D:4      | Noticed a centaur
  2947 | D:4      | Found a staircase to the Ecumenical Temple.
  2955 | D:4      | Noticed an ogre
  2958 | D:4      | Shot with an arrow by a centaur

Vault maps used:
D:1:      dpeg_cavernosity, minmay_misc_feat_iff
D:2:      cheibriados_altar_wand_db, first_bread, minmay_bad_closet,
          kennysheep_crisscross
D:3:      nicolae_qazlal_eye_of_the_storm, elyvilon_altar_3,
          overflow_temple_1_default, uniq_terence
D:4:      minmay_temple_entry_grid, lemuel_tele_altar, uniq_blork_the_orc

Action                   |  1- 3 |  4- 6 || total
-------------------------+-------+-------++-------
Melee: Dagger            |    57 |    92 ||   149
       Whip              |     4 |       ||     4
 Cast: Freeze            |    25 |    69 ||    94
 Stab: Sleeping          |     3 |     9 ||    12
  Eat: Chunk             |     1 |     7 ||     8
